 Dungeon Sprint DCSS version 0.28.0-53-g5a82cb258f (webtiles) character file.

Game seed: 906825464538462127

4600000 Zeld the Intangible (level 24, -91/208 HPs)
             Began as a Djinni Monk on June 5, 2022.
             Was the Champion of Makhleb.
             Annihilated by a destroyer
             ... wielding a +9 vorpal great sword
              (159 damage)
             ... in the Dungeon (Sprint VIII: "Arena of Blood").
             The game lasted 00:01:26 (46 turns).

Zeld the Intangible (Djinni Monk)                     Turns: 46, Time: 00:01:27

Health: -91/208    AC:  3    Str: 18    XL:     24   Next: 83%
Gold:   0          EV: 29    Int: 15    God:    Makhleb [******] SH:  0 Dex: 17

rFire   + + .      SeeInvis .   g - +∞ Axe of Woe
rCold   x . .      Faith    .   (shield currently unavailable)
rNeg    . . .      Spirit   .   a - +0 robe
rPois   ∞          Reflect  .   (no helmet)
rElec   .          Harm     .   (no cloak)
rCorr   .          Rampage  .   (no gloves)
Will    ++...      NoTele   +   (boots unavailable)
Stlth   ++........              (no amulet)
HPRegen 0.44/turn               (no ring)
MPRegen 0.00/turn               (no ring)

@: flying
A: sickness immunity, fire resistance 2, cold vulnerability 1, float, innate
caster, HP casting, extra vitality 1
a: Renounce Religion, Minor Destruction, Lesser Servant of Makhleb, Major
Destruction, Greater Servant of Makhleb


You were in the Dungeon.
You worshipped Makhleb.
Makhleb was exalted by your worship.
You visited 1 branch

Inventory:

Hand Weapons
 g - the +∞ Axe of Woe (weapon)
   (You found it in the Dungeon)
Armour
 a - a +0 robe (worn)
Potions
 b - a potion of curing
 c - a potion of heal wounds
 d - a potion of haste
 e - a potion of berserk rage


   Skills:
 O Level 27 Fighting
 + Level 19.3(22.4) Short Blades
 + Level 19.3(22.4) Long Blades
 O Level 27 Axes
 + Level 17.9(26.2) Maces & Flails
 + Level 17.9(26.2) Polearms
 + Level 18.3(24.4) Staves
 + Level 16.9(19.7) Slings
 + Level 16.9 Bows
 + Level 16.9 Crossbows
 + Level 16.9(19.7) Throwing
 + Level 19.8 Armour
 O Level 27 Dodging
 - Level 1.5 Stealth
 + Level 19.8 Shields
 - Level 3.0 Unarmed Combat
 O Level 27 Spellcasting
 O Level 27 Invocations
 + Level 19.8 Evocations


You had 23 spell levels left.
You knew the following spells:

 Your Spells              Type           Power      Damage    Failure   Level
a - Magic Dart            Conj           100%       1d8       0%          1
b - Ensorcelled Hibernat  Hex/Ice        100%       N/A       0%          2
c - Passwall              Tmut/Erth      65%        N/A       0%          2
d - Passage of Golubria   Tloc           79%        N/A       0%          4
e - Petrify               Tmut/Erth      79%        N/A       0%          4
f - Agony                 Necr           79%        N/A       0%          5
g - Statue Form           Tmut/Erth      52%        N/A       0%          6
h - Enfeeble              Hex            39%        N/A       1%          7
i - Summon Hydra          Summ           39%        N/A       1%          7
j - Maxwell's Capacitive  Air            39%        ∞         1%          8
k - Summon Horrible Thin  Summ           39%        N/A       1%          8
Your spell library was empty.

Dungeon Overview and Level Annotations

Branches:
Dungeon (1/1)

Altars:
Makhleb


Innate Abilities, Weirdness & Mutations

You are immune to sickness and miasma.
You are immune to poison.
Your flesh is very heat resistant. (rF++)
You are vulnerable to cold. (rC-)
You float through the air rather than walking.
You learn spells naturally, not from books.
Your magical power is your life essence.
You have superior vitality. (+4 MHP)


Message History

Unknown command.
The bag of meat shouts!
You slice the bag of meat!!
You slaughter the bag of meat joyfully.
You kill the bag of meat!
Makhleb accepts your kill.
You feel better.
The tyrant appears out of thin air!
A tyrant comes into view.
The tyrant shouts!
You hear a shout! x5
A meat berserker comes into view. It is wielding a +9 battleaxe.
You hear a shout! x2
The eight-headed meat hydra calls on the powers of darkness!
The eight-headed meat hydra convulses!
The bag of meat convulses! x4
Your body is wracked with pain!
The bag of meat convulses! x2
You hear a shout!
A bag of meat comes into view. It is wielding a +9 war axe.
You hear a shout! x2
Unknown command.
Unknown command.
Blink to where?
Press: ? - help, Dir - move target 15 bags of meat, 2 sculptors of flesh, 4 ogres and 2 destroyers come into view.
A destroyer is wielding a +9 vorpal great sword.
A destroyer is wielding a +9 vorpal great sword.
Found a glowing granite ring.
As you read the scroll of blinking, it crumbles to dust.
The accursed appears out of thin air!
An accursed comes into view.
The meat berserker shouts!
The bag of meat shouts! x2
The meat berserker shouts!
The bag of meat shouts! x5
The large bag of meat shouts in stereo!
The bag of meat shouts!
The meat berserker shouts!
The destroyer shouts! x2; The bag of meat shouts!
You hear a shout! x3
The meat berserker rages.
The destroyer points at you and mumbles some strange words.
The destroyer blinks!
You hear a shout! x4
The meat berserker rages.
You hear a shout!
The destroyer hits you with a +9 vorpal great sword!!!!!
Ouch! That really hurt!
You die...

#.......#.○○°○.o...
.oo.#.......#§).°.o....
.z..O......o)))....oo..
ooOoo.......o...#...#..
VM..........ooo#....# .
. .......O...##.....#
...#....o...# ...O#..
.zo.........#...###z..
#L@......... M.
..o...V..o.....
##..Oo#o...V###
.O.....§......# .....
o........
#.......=...... ####
##########


You could see an accursed, a tyrant, 3 destroyers, 2 sculptors of flesh, 2 large
bags of meat, 3 meat berserkers and 18 bags of meat.

Vanquished Creatures
  5 vampire knights (D)
  16 ogres (D)
  3 two-headed ogres (D)
  29 orcs (D)
  3 skeletal warriors (D)
56 creatures vanquished.

Notes
Turn   | Place    | Note
-------+----------+-------------------------------------------
     0 | D        | Found the +∞ Axe of Woe
     0 | D        | Zeld the Djinni Monk began the quest for the Orb.
     0 | D        | Reached XP level 1. HP: 20/20 MP: 0/0
     2 | D        | Noticed a bag of meat
     3 | D        | Noticed a meat berserker
     4 | D        | Became a worshipper of Makhleb the Destroyer
     4 | D        | Reached * piety under Makhleb
     4 | D        | Reached ** piety under Makhleb
     5 | D        | Noticed a meat berserker
     5 | D        | Noticed a bag of meat
     5 | D        | Noticed a bag of meat
     6 | D        | Noticed a meat berserker
     6 | D        | Noticed a bag of meat
     7 | D        | Killed a meat berserker
     7 | D        | Noticed a meat berserker
     7 | D        | Noticed a bag of meat
     8 | D        | Reached skill level 15 in Fighting
     8 | D        | Reached XP level 2. HP: 43/43 MP: 0/0
     8 | D        | Reached XP level 3. HP: 49/49 MP: 0/0
     8 | D        | Learned a level 1 spell: Magic Dart
     8 | D        | Reached XP level 4. HP: 55/55 MP: 0/0
     8 | D        | Reached XP level 5. HP: 60/60 MP: 0/0
     8 | D        | Learned a level 2 spell: Ensorcelled Hibernation
     8 | D        | Reached XP level 6. HP: 67/67 MP: 0/0
     8 | D        | Reached XP level 7. HP: 72/72 MP: 0/0
     8 | D        | Learned a level 2 spell: Passwall
     8 | D        | Reached XP level 8. HP: 78/78 MP: 0/0
     8 | D        | Reached XP level 9. HP: 84/84 MP: 0/0
     8 | D        | Learned a level 4 spell: Passage of Golubria
     8 | D        | Reached XP level 10. HP: 90/90 MP: 0/0
     8 | D        | Reached XP level 11. HP: 95/95 MP: 0/0
     8 | D        | Learned a level 4 spell: Petrify
     8 | D        | Reached XP level 12. HP: 102/102 MP: 0/0
     8 | D        | Killed a meat berserker
     9 | D        | Reached XP level 13. HP: 44/112 MP: 0/0
     9 | D        | Learned a level 5 spell: Agony
     9 | D        | Killed a bag of meat
     9 | D        | Killed a meat berserker
     9 | D        | Reached *** piety under Makhleb
    10 | D        | Reached XP level 14. HP: 122/124 MP: 0/0
    10 | D        | Killed a bag of meat
    11 | D        | Reached skill level 15 in Axes
    11 | D        | Reached XP level 15. HP: 79/130 MP: 0/0
    11 | D        | Learned a level 6 spell: Statue Form
    11 | D        | Killed a meat berserker
    11 | D        | Reached **** piety under Makhleb
    12 | D        | Reached skill level 15 in Spellcasting
    13 | D        | Reached XP level 16. HP: 91/143 MP: 0/0
    15 | D        | Noticed a meat berserker
    17 | D        | Noticed a meat berserker
    19 | D        | Noticed a large bag of meat
    19 | D        | Noticed a meat berserker
    20 | D        | Noticed a destroyer
    20 | D        | Noticed a meat berserker
    21 | D        | Noticed a large bag of meat
    21 | D        | Noticed a destroyer
    21 | D        | Noticed a meat berserker
    22 | D        | Killed a meat berserker
    22 | D        | Reached ***** piety under Makhleb
    22 | D        | Noticed a meat berserker
    23 | D        | Reached XP level 17. HP: 99/153 MP: 0/0
    23 | D        | Learned a level 7 spell: Enfeeble
    23 | D        | Noticed a destroyer
    23 | D        | Noticed a large bag of meat
    24 | D        | Killed a meat berserker
    24 | D        | Noticed a meat berserker
    25 | D        | Killed a meat berserker
    25 | D        | Reached ****** piety under Makhleb
    26 | D        | Reached skill level 27 in Dodging
    26 | D        | Reached XP level 18. HP: 166/166 MP: 0/0
    26 | D        | Noticed a large bag of meat
    26 | D        | Killed a meat berserker
    26 | D        | Killed a destroyer
    26 | D        | Killed a destroyer
    26 | D        | Noticed a meat berserker
    27 | D        | Reached skill level 27 in Fighting
    27 | D        | Reached skill level 27 in Axes
    27 | D        | Reached XP level 19. HP: 174/174 MP: 0/0
    27 | D        | Learned a level 7 spell: Summon Hydra
    27 | D        | Killed a large bag of meat
    27 | D        | Killed a meat berserker
    28 | D        | Reached skill level 27 in Spellcasting
    28 | D        | Reached skill level 27 in Invocations
    28 | D        | Reached XP level 20. HP: 172/181 MP: 0/0
    28 | D        | Noticed a meat berserker
    28 | D        | Noticed a meat berserker
    29 | D        | Noticed a destroyer
    29 | D        | Killed a large bag of meat
    29 | D        | Killed a destroyer
    29 | D        | Noticed a meat berserker
    30 | D        | Reached XP level 21. HP: 177/187 MP: 0/0
    30 | D        | Learned a level 8 spell: Maxwell's Capacitive Coupling
    31 | D        | Killed a meat berserker
    31 | D        | Killed a large bag of meat
    32 | D        | Reached skill level 10 in Short Blades
    32 | D        | Reached skill level 10 in Long Blades
    32 | D        | Reached skill level 10 in Staves
    34 | D        | Reached skill level 10 in Maces & Flails
    34 | D        | Reached skill level 10 in Polearms
    34 | D        | Reached skill level 10 in Slings
    34 | D        | Reached skill level 10 in Bows
    34 | D        | Reached skill level 10 in Crossbows
    34 | D        | Reached skill level 10 in Throwing
    34 | D        | Reached XP level 22. HP: 194/194 MP: 0/0
    34 | D        | Noticed a meat berserker
    34 | D        | Killed a meat berserker
    34 | D        | Noticed a meat berserker
    35 | D        | Noticed a meat berserker
    36 | D        | Killed a meat berserker
    36 | D        | Killed a destroyer
    37 | D        | Killed a meat berserker
    37 | D        | Noticed a destroyer
    37 | D        | Noticed a large bag of meat
    39 | D        | Reached skill level 15 in Short Blades
    39 | D        | Reached skill level 15 in Long Blades
    39 | D        | Reached skill level 15 in Armour
    39 | D        | Reached skill level 15 in Shields
    39 | D        | Reached skill level 15 in Evocations
    39 | D        | Reached XP level 23. HP: 201/201 MP: 0/0
    39 | D        | Learned a level 8 spell: Summon Horrible Things
    41 | D        | Reached skill level 15 in Maces & Flails
    41 | D        | Reached skill level 15 in Polearms
    41 | D        | Killed a destroyer
    42 | D        | Reached skill level 15 in Slings
    42 | D        | Reached skill level 15 in Bows
    42 | D        | Reached skill level 15 in Crossbows
    42 | D        | Reached skill level 15 in Throwing
    42 | D        | Reached XP level 24. HP: 208/208 MP: 0/0
    44 | D        | Noticed an accursed
    45 | D        | Noticed a tyrant
    46 | D        | Noticed a large bag of meat
    46 | D        | Noticed a destroyer
    46 | D        | Noticed a destroyer
    46 | D        | Annihilated by a destroyer

Illustrated notes

Levels and vault maps discovered:
D:        meatsprint

Skill      XL: |  1  2  3  4  5  6  7  8  9 10 11 12 13 14 15 16 17 18 19 20 21 22 23 24 |
---------------+-------------------------------------------------------------------------+-----
Fighting       | 15 17 19 20 22 24 26 27 | 27.0
Axes           | 11 13 14 15 16 18 22 27 | 27.0
Dodging        | 16 18 20 21 23 25 27 | 27.0
Spellcasting   | 9 11 13 15 16 18 21 27 | 27.0
Invocations    | 12 14 16 17 19 21 23 26 27 | 27.0
Short Blades   | 9 11 15 17 19 | 19.3
Long Blades    | 9 11 15 17 19 | 19.3
Maces & Flails | 8 10 13 16 17 | 17.9
Polearms       | 8 10 13 16 17 | 17.9
Staves         | 8 11 14 17 18 | 18.3
Slings         | 7 10 13 15 16 | 16.9
Bows           | 7 10 13 15 16 | 16.9
Crossbows      | 7 10 13 15 16 | 16.9
Throwing       | 7 10 13 15 16 | 16.9
Armour         | 9 12 15 18 19 | 19.8
Shields        | 9 12 15 18 19 | 19.8
Evocations     | 9 12 15 18 19 | 19.8
Stealth        | |  1.5
Unarmed Combat | |  3.0

Action                   |  1- 3 |  4- 6 |  7- 9 | 10-12 | 13-15 | 16-18 | 19-21 | 22-24 || total
-------------------------+-------+-------+-------+-------+-------+-------+-------+-------++-------
Melee: Executioner's axe |     1 |       |       |     1 |     4 |     6 |     4 |    11 ||    27
 Cast: Passwall          |       |       |       |       |       |     1 |       |       ||     1
  Use: Scroll            |       |       |       |       |       |       |       |     1 ||     1
Dodge: Dodged            |       |       |       |       |       |       |     1 |       ||     1
